 Dungeon Crawl Stone Soup version 0.17-a0-1011-gfa70bdd (webtiles) character file.

105 nubinia the Firebug (level 4, -1/24 HPs)
             Began as a Gargoyle Fire Elementalist on May 13, 2015.
             Killed by divine providence
             ... invoked by an orc priest
              (14 damage)
             ... on level 2 of the Dungeon.
             The game lasted 00:11:59 (3325 turns).

nubinia the Firebug (Gargoyle Fire Elementalist)    Turns: 3325, Time: 00:12:00

Health: -1/24      AC:  5    Str: 11    XL:     4   Next: 81%
Magic:  8/8        EV: 12    Int: 17    God:
Gold:   52         SH:  0    Dex: 10    Spells: 3 memorised, 2 levels left

rFire  . . .     SeeInvis .     f - +0 hand axe
rCold  . . .     Clarity  .     a - +0 robe
rNeg   + . .     SustAb   .     (no shield)
rPois  ∞         Gourm    .     (no helmet)
rElec  +         Spirit   .     (no cloak)
rCorr  .         Warding  .     (no gloves)
rMut   .         Stasis   +     (no boots)
MR     .....                    g - amulet of stasis
Stlth  ++........               (no ring)
                                (no ring)

@: not resistant to hostile enchantments, unstealthy
A: negative energy resistance 1, electricity resistance, unbreathing,
petrification resistance, rot immunity, AC +3
a: no special abilities


You were on level 2 of the Dungeon.
You were not hungry.

You visited 1 branch of the dungeon, and saw 3 of its levels.

You collected 52 gold pieces.

Inventory:

Hand weapons
 f - a +0 hand axe (weapon)
Armour
 a - a +0 robe (worn)
Jewellery
 g - an amulet of stasis (around neck)
Scrolls
 i - 2 scrolls of identify
Potions
 d - a potion of curing
 e - a potion of brilliance
Books
 b - a book of Flames

   Spells                             Type                      Level
   a - Flame Tongue                   Conjuration/Fire             1
   b - Throw Flame                    Conjuration/Fire             2
   c - Conjure Flame                  Conjuration/Fire             3
   d - Inner Flame                    Hexes/Fire                   3
   e - Sticky Flame                   Conjuration/Fire             4
   f - Fireball                       Conjuration/Fire             5
Comestibles
 c - 3 bread rations
 h - 2 chunks of flesh


   Skills:
 + Level 0.2 Fighting
 + Level 0.1 Axes
 + Level 2.0 Dodging
 + Level 2.5 Stealth
 + Level 2.7 Spellcasting
 + Level 2.1 Conjurations
 + Level 3.9 Fire Magic


You had 2 spell levels left.
You knew the following spells:

 Your Spells              Type           Power        Failure   Level  Hunger
a - Flame Tongue          Conj/Fire      ##...        6%          1    #......
b - Throw Flame           Conj/Fire      ##....       10%         2    ##.....
c - Conjure Flame         Conj/Fire      ##......     17%         3    ###....


Dungeon Overview and Level Annotations

Branches:
Dungeon (3/15)

Altars:

Annotations:
D:2 Robin, Sigmund
D:3 Terence


Innate Abilities, Weirdness & Mutations

You are resistant to torment.
Your stone body is resilient (AC +3).
You are immune to poison.
You resist negative energy.
You are resistant to electric shocks.
You can survive without breathing.
You are immune to petrification.
You are immune to rotting.


Message History

The orc priest becomes somewhat translucent.
Something hits you.
You climb upwards.
Level annotation: Robin, Sigmund
There is a stone staircase leading down here.
You barely miss something. You hit the orc priest.
The orc priest is lightly wounded.
The orc priest hits you with a flail. Something hits you but does no damage.
You closely miss something. You barely miss the orc priest.
The orc priest is lightly wounded.
The orc priest hits you with a flail. Something hits you but does no damage.
Something hits you but does no damage. The orc priest hits you with a flail.
Something completely misses you.
You hear some strange, mumbled words.
A puff of flame appears from out of thin air!
The puff of flame hits you!
The orc priest calls down the wrath of Beogh upon you.
Something smites you!
Ouch! That really hurt!
You die...

#....# #..###...+........#
#####....# #........#........#
#.....)..#####......†.'........#
#........#..........#.#........#
#....(####'########.#.'........#
#....(# #...(.....#.#<#........#
#...(.# #.....###.#.#.#........##
......# #.....###.#.#.#..........
......###....o{.@<#.#.#..........
......'.'...>....................
......###...(######.#.......#....
...#.............##.#########....
...#.###....................+....
####........####.##.#......##....
##########'## #.##.#............
...........#####'##'######.......
#############............#...####


You could see an orc priest.

Vanquished Creatures
  An orc wizard (D:3)
  2 adders
  A giant gecko (D:1)
  5 orcs (D:3)
  7 bats
  2 giant cockroaches
  5 goblins
  8 hobgoblins
  6 jackals
  5 giant newts
  5 kobolds
  7 rats
54 creatures vanquished.

Notes
Turn   | Place    | Note
--------------------------------------------------------------
     0 | D:1      | nubinia the Gargoyle Fire Elementalist began the quest for the Orb.
     0 | D:1      | Reached XP level 1. HP: 10/10 MP: 3/3
   365 | D:1      | Reached XP level 2. HP: 15/15 MP: 3/5
  1132 | D:1      | Learned a level 2 spell: Throw Flame
  1363 | D:2      | Reached XP level 3. HP: 19/19 MP: 1/6
  1371 | D:2      | Learned a level 3 spell: Conjure Flame
  1440 | D:2      | Noticed Sigmund
  1593 | D:2      | Noticed Robin
  1832 | D:3      | Noticed Terence
  1974 | D:3      | Reached XP level 4. HP: 8/24 MP: 0/8
  3325 | D:2      | Killed from afar by an orc priest

Vault maps used:
D:1:      dpeg_arrival_simpleton_a, fountainhead, roderic_roman_lattice
D:2:      first_bread, item_on_display_a, uniq_sigmund, uniq_robin
D:3:      uniq_natasha, uniq_terence

Action                   |  1- 3 |  4- 6 || total
-------------------------+-------+-------++-------
Melee: Unarmed           |    17 |       ||    17
       Hand axe          |    10 |     6 ||    16
 Cast: Flame Tongue      |    60 |    30 ||    90
       Throw Flame       |       |     1 ||     1
  Use: Scroll            |     3 |     2 ||     5
       Potion            |     2 |     2 ||     4
  Eat: Chunk             |     4 |     4 ||     8
